 Dungeon Crawl Stone Soup version 0.28-b1-25-g9875b3fc8c (webtiles) character file.

Game seed: 11242680662444292287

732 zeram the Sneak (level 7, -2/46 HPs)
             Began as an Octopode Fighter on Feb 2, 2022.
             Slain by an orc warrior (9 damage)
             ... on level 4 of the Dungeon.
             The game lasted 00:06:35 (4508 turns).

zeram the Sneak (Octopode Fighter)                  Turns: 4508, Time: 00:06:36

Health: -2/46      AC:  1    Str: 14 (15) XL:     7   Next: 73%
Magic:  7/7        EV: 14    Int: 12      God:
Gold:   1107       SH:  5    Dex: 14      Spells: 6/6 levels left

rFire   . . .      SeeInvis .   g - +4 rapier
rCold   . . .      Faith    .   b - +0 buckler
rNeg    . . .      Spirit   .   (helmet restricted)
rPois   .          Reflect  .   (no amulet)
rElec   .          Harm     .   (no ring)
rCorr   .          Rampage  .   (no ring)
Will    .....                   (no ring)
Stlth   ++++......              (no ring)
HPRegen 0.15/turn               (no ring)
MPRegen 0.10/turn               (no ring)
                                (no ring)
                                (no ring)

@: no status effects
A: almost no armour, amphibious, 8 rings, camouflage 1, gelatinous body 1,
(nimble swimmer 1), tentacles, agile 1, MP-powered wands
a: no special abilities


You were on level 4 of the Dungeon.
You visited 1 branch of the dungeon, and saw 4 of its levels.

You collected 1107 gold pieces.

Inventory:

Hand Weapons
 a - a +1 rapier of freezing
 g - a +4 rapier (weapon)
Armour
 b - a +0 buckler (worn)
Scrolls
 c - a scroll of noise
 d - a scroll of teleportation {unknown}
 e - 2 scrolls of amnesia
 f - a scroll of identify
 i - a scroll of fear
Potions
 h - a potion of mutation
 j - 3 potions of lignification
 l - a potion of resistance


   Skills:
 - Level 3.0 Fighting
 + Level 4.5 Short Blades
 + Level 4.9 Dodging
 * Level 7.1 Stealth
 + Level 4.2 Shields


You had 6 spell levels left.
You didn't know any spells.
Your spell library was empty.

Dungeon Overview and Level Annotations

Branches:
Dungeon (4/15)             Temple (0/1) D:4

Altars:

Shops:
D:1 :

Annotations:
D:4 2 runed translucent doors


Innate Abilities, Weirdness & Mutations

You cannot wear most types of armour.
You are amphibious.
You can wear up to eight rings at the same time.
Your skin changes colour to match your surroundings (Stealth+).
Your rubbery body absorbs attacks. (AC +1, EV +1)
((You are camouflaged when in or above water. (Stealth+)))
You have tentacles for arms and can constrict up to eight enemies at once.
You are agile. (Dex +2)
You expend magic power (3 MP) to strengthen your wands.


Message History

An endoplasm is nearby!
An endoplasm is nearby!
An orc warrior comes into view. It is wielding a +0 hand axe.
The orc warrior shouts!
The endoplasm quivers.
You hit the endoplasm.
You kill the endoplasm!
You hit the orc warrior. Your grab misses the orc warrior.
The orc warrior is lightly wounded.
You closely miss the orc warrior. Your grab misses the orc warrior.
Your squeeze misses the orc warrior.
The orc warrior is lightly wounded.
The orc warrior hits you with a +0 hand axe!
You hit the orc warrior. You grab the orc warrior.
The orc warrior is lightly wounded.
You constrict the orc warrior, but do no damage.
The orc warrior misses you.
You completely miss the orc warrior.
The orc warrior is lightly wounded.
You constrict the orc warrior. The orc warrior barely misses you.
You hit the orc warrior.
The orc warrior is moderately wounded.
You constrict the orc warrior, but do no damage.
The orc warrior hits you with a +0 hand axe!
The orc warrior closely misses you.
You hit the orc warrior.
The orc warrior is moderately wounded.
You constrict the orc warrior.
The orc warrior hits you with a +0 hand axe!
* * * LOW HITPOINT WARNING * * *
You hit the orc warrior.
The orc warrior is heavily wounded.
You constrict the orc warrior, but do no damage.
The orc warrior closely misses you.
Unknown command.
You hit the orc warrior. You squeeze the orc warrior.
The orc warrior is severely wounded.
You constrict the orc warrior, but do no damage.
The orc warrior hits you with a +0 hand axe!
You die...

#..........
+.##''##...
##8..8##..
#8....8#..
#(....)#.. ####
#).....#.. ##...
#8....8#..
#.o#######8..8##.#
#@##)#.'.##++##..#
#.#.#..#........## #
#.####)#.##.##.###
#.##....##.##.##.#..
#..######..##.......
.#..... ..###.......
.......######.......
#....)..........
###.###....)....


You could see an orc warrior.

Vanquished Creatures
  Sigmund (D:3)
  An ogre (D:4)
  A phantom (D:3)
  A bullfrog (D:4)
  A howler monkey (D:4)
  A centaur zombie (D:4)
  Crazy Yiuf (D:2)
  An orc priest (D:3)
  Natasha (twice) (D:2)
  An orc wizard (D:3)
  3 adders
  6 gnolls
  An adder zombie (D:3)
  A worm (D:3)
  5 dart slugs
  7 orcs
  4 ball pythons
  4 endoplasms
  3 giant cockroaches
  6 goblins
  3 hobgoblins
  4 kobolds
  2 bats (D:1)
  5 frilled lizards
  3 rats
68 creatures vanquished.

Vanquished Creatures (others)
  2 fungi (D:2)
2 creatures vanquished.

Grand Total: 70 creatures vanquished

Notes
Turn   | Place    | Note
-------+----------+-------------------------------------------
     0 | D:1      | zeram the Octopode Fighter began the quest for the Orb.
     0 | D:1      | Reached XP level 1. HP: 16/16 MP: 1/1
   144 | D:1      | Reached skill level 1 in Stealth
   144 | D:1      | Reached XP level 2. HP: 21/21 MP: 2/2
   430 | D:1      | Found Weot's Book Shoppe.
   973 | D:2      | Noticed Natasha
   984 | D:2      | Killed Natasha
   985 | D:2      | Reached skill level 2 in Stealth
   985 | D:2      | Reached XP level 3. HP: 26/26 MP: 3/3
  1001 | D:2      | Found a runed translucent door.
  1002 | D:2      | Noticed Crazy Yiuf
  1040 | D:2      | Reached XP level 4. HP: 28/31 MP: 4/4
  1080 | D:2      | Noticed Natasha
  1088 | D:2      | Killed Natasha
  1787 | D:2      | Killed Crazy Yiuf
  1788 | D:2      | Reached skill level 3 in Stealth
  1788 | D:2      | Reached XP level 5. HP: 26/36 MP: 5/5
  2383 | D:3      | Reached skill level 4 in Stealth
  2790 | D:3      | Gained mutation: You are agile. (Dex +2) [potion of
                  | mutation]
  2790 | D:3      | Gained mutation: You expend magic power (3 MP) to
                  | strengthen your wands. [potion of mutation]
  3108 | D:2      | Reached XP level 6. HP: 34/42 MP: 6/6
  3464 | D:3      | Noticed Sigmund
  3473 | D:3      | Killed Sigmund
  3474 | D:3      | Reached skill level 5 in Stealth
  3860 | D:3      | Identified a scroll of acquirement
  3860 | D:3      | Acquired 1003 gold pieces
  3940 | D:4      | Found a staircase to the Ecumenical Temple.
  3995 | D:4      | Reached XP level 7. HP: 46/46 MP: 7/7
  4055 | D:4      | Found a large runed translucent door.
  4056 | D:4      | Found a large runed translucent door.
  4061 | D:4      | Found a large runed translucent door.
  4061 | D:4      | Found a large runed translucent door.
  4120 | D:4      | Reached skill level 6 in Stealth
  4481 | D:4      | Reached skill level 7 in Stealth
  4508 | D:4      | Slain by an orc warrior

Illustrated notes

Levels and vault maps discovered:
D:1:      minmay_arrival_open_corners, layout_basic, serial_shops,
          nicolae_shop_hallway_plus, moated_statue, minmay_liquid_box,
          minmay_box_of_dots
D:2:      layout_basic, minmay_tetromino_s2, uniq_crazy_yiuf_cottage,
          uniq_natasha
D:3:      layout_basic, uniq_sigmund
D:4:      layout_cave_pods, lemuel_crystal_altar,
          minmay_temple_entry_from_below_a, minmay_hollow_rounded_squares

Skill      XL: |  1  2  3  4  5  6  7 |
---------------+----------------------+-----
Stealth        | 1 2 3 4 5 7 |  7.1
Dodging        | 4 |  4.9
Short Blades   | 3 4 |  4.5
Shields        | 4 |  4.2
Fighting       | |  3.0

Action                   |  1- 3 |  4- 6 |  7- 9 || total
-------------------------+-------+-------+-------++-------
Melee: Rapier            |    32 |    83 |    29 ||   144
       Constrict         |     7 |    23 |     4 ||    34
       Tentacles         |     8 |    17 |     8 ||    33
       Punch             |     2 |     2 |       ||     4
  Use: Potion            |       |     8 |       ||     8
       Scroll            |       |    10 |       ||    10
 Stab: Sleeping          |     5 |     5 |     4 ||    14
Armor: Skin              |     2 |     2 |     1 ||     5
Dodge: Dodged            |    12 |    63 |    17 ||    92
Block: Buckler           |     5 |    20 |     3 ||    28
